 Dungeon Crawl Stone Soup version 0.29.1-15-g9cfb28693d (webtiles) character file.

Game seed: 5665121972699652447

100 Thatpatchoflichen the Trooper (level 4, -5/41 HPs)
             Began as a Ghoul Gladiator on Feb 28, 2023.
             Slain by Sigmund
             ... wielding a +0 scythe
              (8 damage)
             ... on level 2 of the Dungeon.
             The game lasted 00:02:12 (1558 turns).

Thatpatchoflichen the Trooper (Ghoul Gladiator)     Turns: 1558, Time: 00:02:12

Health: -5/41      AC:  4    Str: 19    XL:     4   Next: 74%
Magic:  3/3        EV: 12    Int:  3    God:
Gold:   46         SH:  0    Dex: 10    Spells: 3/3 levels left

rFire   . . .      SeeInvis .   a - +0 trident
rCold   + . .      Faith    .   (no shield)
rNeg    + + +      Spirit   .   b - +0 leather armour
rPois   ∞          Reflect  .   c - +0 helmet
rElec   .          Harm     .   (no cloak)
rCorr   .          Rampage  .   (no gloves)
Will    .....                   (no boots)
Stlth   ..........              (no amulet)
HPRegen 0.00/turn               (no ring)
MPRegen 0.08/turn               (no ring)

@: confused, inhibited regen
A: claws 1, cold resistance 1, negative energy resistance 3, inhibited
regeneration, torment resistance 2, devour on kill
a: no special abilities


You were on level 2 of the Dungeon.
You visited 1 branch of the dungeon, and saw 2 of its levels.

You collected 46 gold pieces.

Inventory:

Hand Weapons
 a - a +0 trident (weapon)
Missiles
 d - 3 throwing nets (quivered)
 e - 6 javelins
Armour
 b - a +0 leather armour (worn)
 c - a +0 helmet (worn)
Jewellery
 n - a +6 ring of intelligence
Scrolls
 f - 2 scrolls of identify {unknown}
 g - a scroll of teleportation {unknown}
 i - a scroll of blinking {unknown}
 k - a scroll of butterflies {unknown}
 l - a scroll of magic mapping {unknown}
Potions
 h - 2 potions of degeneration {unknown}
 j - a potion of invisibility {unknown}
 m - a potion of flight {unknown}


   Skills:
 + Level 4.7 Fighting
 - Level 3.0 Polearms
 - Level 2.0 Throwing
 - Level 3.0 Dodging


You had 3 spell levels left.
You didn't know any spells.
Your spell library was empty.

Dungeon Overview and Level Annotations

Branches:
Dungeon (2/15)

Altars:

Annotations:
D:2 Sigmund


Innate Abilities, Weirdness & Mutations

You are immune to poison.
You have sharp fingernails.
Your flesh is cold resistant. (rC+)
You are immune to negative energy. (rN+++)
You do not regenerate when monsters are visible.
You are immune to unholy pain and torment.
You thrive by killing the living.


Message History

Sigmund is heavily wounded.
Sigmund points at you and mumbles some strange words.
The puff of flame misses you.
You're too confused to move!
Sigmund hits you with a +0 scythe!
You closely miss Sigmund.
Sigmund is heavily wounded.
Sigmund closely misses you.
You bump into the rock wall.
You're too confused to move!
Sigmund drinks a potion.
Sigmund is healed!
You bump into the rock wall.
You feel less confused.
Sigmund giggles. "Time to reap what you sow."
Sigmund hits you with a +0 scythe.
You puncture Sigmund!
Sigmund is moderately wounded.
Sigmund closely misses you.
You closely miss Sigmund.
Sigmund is moderately wounded.
Sigmund casts a spell at you. The puff of flame hits you.
You closely miss Sigmund.
Sigmund is moderately wounded.
Sigmund hits you with a +0 scythe.
You barely miss Sigmund.
Sigmund is moderately wounded.
You puncture Sigmund!
Sigmund is heavily wounded.
Sigmund hits you with a +0 scythe.
You closely miss Sigmund.
Sigmund is heavily wounded.
Sigmund casts a spell at you.
You are confused.
You bump into the rock wall.
Sigmund misses you. Sigmund hits you with a +0 scythe!
* * * LOW HITPOINT WARNING * * *
You bump into the rock wall.
You closely miss Sigmund.
Sigmund is heavily wounded.
Sigmund hits you with a +0 scythe!
You die...

.........
....@....
##.###.......#
.. #...........#
#.## #.# ...
#.##+#######$.
##.##.........
#..........#.#
#..##..###@#.###
#..#.....@†....#
#....†..##.###.#
.....#...###...
###.###..# #####
... #..######
#### #........
#.####### #.#
##########


You could see Sigmund.

Vanquished Creatures
  3 gnolls (D:2)
  3 adders (D:2)
  3 dart slugs (D:1)
  A ball python (D:1)
  A bat (D:1)
  4 endoplasms
  2 giant cockroaches (D:1)
  6 goblins
  4 hobgoblins
  5 quokkas
  A frilled lizard (D:1)
  A kobold (D:1)
  3 rats (D:1)
37 creatures vanquished.

Notes
Turn   | Place    | Note
-------+----------+-------------------------------------------
     0 | D:1      | Thatpatchoflichen the Ghoul Gladiator began the quest for
                  | the Orb.
     0 | D:1      | Reached XP level 1. HP: 17/17 MP: 0/0
   193 | D:1      | Reached XP level 2. HP: 25/25 MP: 1/1
   621 | D:1      | Reached XP level 3. HP: 30/30 MP: 2/2
   639 | D:1      | Reached skill level 3 in Fighting
   768 | D:1      | Found a faded altar of an unknown god.
  1304 | D:2      | Reached skill level 4 in Fighting
  1304 | D:2      | Reached XP level 4. HP: 19/40 MP: 3/3
  1514 | D:2      | Noticed Sigmund
  1558 | D:2      | Slain by Sigmund

Illustrated notes

Levels and vault maps discovered:
D:1:      dpeg_arrival_round_b, layout_rooms,
          hellmonk_ecumenical_altar_defaced_shrine, st_stairs_8
D:2:      layout_loops_corners, kennysheep_cluttered_room, uniq_sigmund

Skill      XL: |  1  2  3 |
---------------+----------+-----
Throwing       | 2 |  2.0
Polearms       | 3 |  3.0
Dodging        | 3 |  3.0
Fighting       | 4 |  4.7

Action                   |  1- 3 |  4- 6 || total
-------------------------+-------+-------++-------
Melee: Trident           |    91 |    38 ||   129
       Punch             |     1 |       ||     1
Armor: Leather armour    |    23 |    13 ||    36
Dodge: Dodged            |    68 |    29 ||    97
